AoeStats
← Stanko2026

Arena

508637228Analyzed
1v1 RM · 8d ago on Sep 23, 2026· 27m 26s· 2 players
Game mode
Random Map
Map size
Tiny (2 player)
Population
200
Speed
Normal
Resources
Standard
Victory
Conquest
Starting age
Dark Age
Ending age
Imperial Age
RankedLock teamsTeams togetherTeam positionsShared explorationLock speedFull tech treeHidden civsTurbo modeCheats
Victory
Defeat
🇩🇪 Britons · Germany
765
+17
🇨🇳 Portuguese · China
796
-17
酸奶混凝土
Stanko2026
0:26 Loom
11:26 Feudal Age
11:57 Double-Bit Axe
11:54 Horse Collar
17:30 Arson
18:44 Scale Barding Armor
18:40 Scale Mail Armor
18:54 Forging
19:47 Man-at-Arms
26:38 Castle Age
26:47 Light Cavalry
27:28 Husbandry
27:46 Chain Mail Armor
28:06 Iron Casting
27:52 Chain Barding Armor
27:43 Heavy Plow
Connection lost

Rejoining the realm…

Still unreachable

The connection could not be restored.

Session expired

The server has moved on; the page needs a fresh start.